 Dungeon Crawl Stone Soup version 0.22-a0-368-g870eee8 (webtiles) character file.

99146 pyrogen the Bludgeoner (level 15, -8/144 HPs)
             Began as a Minotaur Berserker on Apr 9, 2018.
             Was the Champion of Trog.
             Killed from afar by Nikola (36 damage)
             ... with a chain lightning
             ... on level 3 of the Lair of Beasts on Apr 23, 2018.
             The game lasted 05:48:15 (26746 turns).

pyrogen the Bludgeoner (Minotaur Berserker)        Turns: 26746, Time: 05:48:16

Health: -8/144     AC: 28    Str: 26    XL:     15   Next: 76%
Magic:  14/14      EV: 18    Int:  4    God:    Trog [******]
Gold:   542        SH: 11    Dex: 20    Spells: 14/14 levels left

rFire    x . .     SeeInvis .   o - +4 eveningstar (protect)
rCold    + . .     Gourm    .   Z - +2 buckler
rNeg     + + .     Faith    .   p - +1 plate armour
rPois    +         Spirit   .   (helmet restricted)
rElec    .         Reflect  +   T - +0 cloak
rCorr    .         Harm     .   t - +2 pair of gloves
MR       ++...                  d - +1 pair of boots {Fly}
Stlth    ..........             w - +3 amulet of reflection
HPRegen  0.34/turn              j - ring "Limpy" {rPois rF- rN++ MR+ Str+3}
MPRegen  0.14/turn              O - +5 ring of dexterity

@: about to teleport, berserk cooldown, flying
A: retaliatory headbutt, horns 2, thin metallic scales 1, thin skeletal
structure 1, clumsy 1, cold resistance 1
a: Berserk, Trog's Hand, Brothers in Arms, Renounce Religion, Stop Flying


You were on level 3 of the Lair of Beasts.
You worshipped Trog.
Trog was exalted by your worship.
You were hungry.

You visited 5 branches of the dungeon, and saw 25 of its levels.
You also visited: Volcano.

You collected 2529 gold pieces.
You spent 1987 gold pieces at shops.

Inventory:

Hand Weapons
 o - a +4 eveningstar of protection (weapon)
   (Trog gifted it to you on level 11 of the Dungeon)
 y - a +4 dire flail of distortion
   (You bought it in a shop on level 2 of the Orcish Mines)
 E - a +3 demon whip of venom
   (Trog gifted it to you on level 15 of the Dungeon)
 J - a +2 dire flail of flaming
   (You took it off a skeletal warrior in a volcano)
Missiles
 m - 39 tomahawks (quivered)
Armour
 d - a +1 pair of boots of flying (worn)
   (You bought it in a shop on level 2 of the Orcish Mines)
 p - a +1 plate armour (worn)
   (You took it off a hobgoblin on level 2 of the Dungeon)
 t - a +2 pair of gloves (worn)
   (You found it on level 3 of the Dungeon)
 T - a +0 cloak (worn)
   (You found it on level 6 of the Lair of Beasts)
 V - the +3 ring mail of the Vaults {rN+++}
   (You found it on level 11 of the Dungeon)

   It renders you almost immune to negative energy.
 Z - a +2 buckler (worn)
   (You took it off an orc on level 14 of the Dungeon)
Jewellery
 a - a +3 ring of intelligence
   (You bought it in a shop on level 11 of the Dungeon)
 j - the ring "Limpy" (left hand) {rPois rF- rN++ MR+ Str+3}
   (You bought it in a shop on level 2 of the Orcish Mines)

   [ring of strength]

   It affects your strength (+3).
   It makes you vulnerable to fire.
   It protects you from poison.
   It greatly protects you from negative energy.
   It affects your resistance to hostile enchantments.
 w - a +3 amulet of reflection (around neck)
   (You bought it in a shop on level 2 of the Orcish Mines)
 B - an uncursed ring of see invisible
   (You found it on level 5 of the Dungeon)
 D - an uncursed ring of protection from cold
   (You found it on level 5 of the Dungeon)
 M - an uncursed ring of fire
   (You found it on level 6 of the Lair of Beasts)
 O - a +5 ring of dexterity (right hand)
   (You found it on level 8 of the Dungeon)
Wands
 e - a wand of flame (85)
   (You found it on level 12 of the Dungeon)
 n - a wand of iceblast (18)
   (You found it on level 6 of the Dungeon)
 x - a wand of random effects (109)
   (You took it off Ijyb on level 3 of the Dungeon)
 F - a wand of paralysis (30)
   (You found it on level 6 of the Dungeon)
 I - a wand of acid (12)
   (You found it on level 9 of the Dungeon)
 X - a wand of clouds (5)
   (You found it on level 15 of the Dungeon)
Scrolls
 k - 2 scrolls of fear
 l - 6 scrolls of teleportation
 r - 5 scrolls of identify
 u - 3 scrolls of enchant weapon
 v - 4 scrolls of immolation
 C - 3 scrolls of remove curse
 G - 5 scrolls of magic mapping
 H - 2 scrolls of fog
 N - 5 scrolls of blinking
 Q - a scroll of holy word {unknown}
 R - 4 scrolls of enchant armour
 S - a scroll of brand weapon
 W - 2 scrolls of vulnerability
 Y - a scroll of summoning
Potions
 b - 7 potions of brilliance
 f - 5 potions of heal wounds
 g - 3 potions of mutation
 h - 4 potions of might
 i - 2 potions of agility
 q - 2 potions of flight
 s - 5 potions of haste
 z - 9 potions of curing
 A - a potion of magic {unknown}
 L - 2 potions of lignification
 P - a potion of cancellation
 U - 4 potions of berserk rage
Comestibles
 c - 45 rations


   Skills:
 + Level 16.1 Fighting
 + Level 16.9 Maces & Flails
 + Level 16.0 Armour
 + Level 15.6 Dodging
 - Level 4.0 Shields


You had 14 spell levels left.
You didn't know any spells.

Dungeon Overview and Level Annotations

Branches:
Dungeon (15/15)            Temple (1/1) D:6            Lair (6/6) D:11
 Shoals (0/4) Lair:3        Snake (1/4) Lair:3        Slime (0/5) Lair:5
    Orc (2/2) D:11            Elf (0/3) Orc:2        Vaults (0/5) D:14
 Depths (0/5) D:15

Altars:
Ashenzari
Cheibriados
Dithmenos
Elyvilon
Fedhas
Gozag
Hepliaklqana
Kikubaaqudgha
Makhleb
Nemelex Xobeh
Okawaru
Qazlal
Ru
Sif Muna
Trog
Uskayaw
Vehumet
Wu Jian
Xom
Yredelemnul
Zin
The Shining One
Beogh

Shops:
D:5 *   D:11 !=   Orc:2 [(*=

Annotations:
Lair:3 Nikola


Innate Abilities, Weirdness & Mutations

You reflexively headbutt those who attack you in melee.
You have a pair of horns on your head.
You are partially covered in thin metallic scales. (AC +2)
You have a somewhat thin skeletal structure. (Dex +2, Stealth)
You are clumsy. (Dex -2)
Your flesh is cold resistant. (rC+)


Message History

Nikola blinks!
You see here an arrow.
Nikola points at you and mumbles some strange words.
The zap misses you.
There is a staircase back to the Lair here.
You can't go down here!
Nikola casts a spell at you. The bolt of lightning misses you.
You fly upwards.
Welcome back to the Lair of Beasts!
There is a staircase to the Snake Pit here.
You can't go up here!
You puncture Nikola!
Your weapon exudes an aura of protection.
Nikola is heavily wounded.
Nikola points at you and mumbles some strange words.
The zap hits you!
You puncture Nikola! You headbutt Nikola, but do no damage.
Nikola is heavily wounded.
Nikola hits you with the +4 arc blade {discharge, rElec}.
You are struck by lightning.
The lightning arcs!
You are struck by lightning.
The lightning arcs!
You puncture Nikola! Your headbutt misses Nikola.
Nikola is severely wounded.
Nikola gestures wildly while chanting.
You hear a mighty clap of thunder!
The lightning arc hits you!
The lightning arc hits Nikola.
Nikola resists.
The lightning arc hits you!
The lightning arc hits Nikola.
Nikola resists.
The lightning arc hits you!
* * * LOW HITPOINT WARNING * * *
You feel much better. Nikola casts a spell at you. The zap misses you.
Nikola hits you but does no damage.
As you read the scroll of teleportation, it crumbles to dust.
You feel strangely unstable.
Nikola casts a spell.
You hear a mighty clap of thunder!
The lightning arc hits you!
* * * LOW HITPOINT WARNING * * *
The lightning arc hits Nikola.
Nikola resists.
The lightning arc hits you!
* * * LOW HITPOINT WARNING * * *
The lightning arc hits the plant.
The lightning arc hits Nikola.
Nikola resists.
The lightning arc hits you!
* * * LOW HITPOINT WARNING * * *
You feel much better.
You feel yourself speed up. Nikola hits you but does no damage.
Nikola mumbles some strange words.
You hear a mighty clap of thunder!
The lightning arc hits you!
You die...

#≈≈......+....##.....###.P.#.#...
#≈≈......##...#≈.....##..........
#≈≈.......#....≈.....#........#..
≈≈≈......P#...≈≈≈≈≈..........##..
≈≈#.......##.≈≈≈≈≈≈≈≈≈##..P..#...
≈##.......#.≈≈≈..≈≈≈≈..#......#..
#≈#........≈≈≈.....≈≈≈...........
...........≈≈....≈..≈≈...........
...(.......≈≈..@@...≈≈...........
...........≈≈≈......≈≈...........
...........≈≈≈.P.≈.≈≈≈...........
..###.......≈≈≈.≈.≈≈≈............
.####......≈.≈≈≈≈≈≈≈...>.........
...##......##.≈≈≈≈≈....###...##..
...##...(.####.....(.[.#.##..##..
....#......##....##..).......#...
...##.....###....##...#..........


You could see Nikola.

Vault maps used:
D:1:      dpeg_arrival_rhombus, minivault_25
D:2:      minmay_bisected
D:3:      first_ration, uniq_ijyb
D:4:      nemelex_spade_bored_becter
D:5:      dancing_weapons_uskayaw, serial_shops, nicolae_shop_crystal,
          basic_altar, minmay_misc_feat_alley
D:6:      minmay_temple_entry_large_hall, grunt_decor_mini_mirrors, uniq_grinder
D:8:      grunt_livestock, kennysheep_small_spiral, kennysheep_cross_room
D:9:      corexii_shack_village
D:10:     special_room, nicolae_ru_path_of_blood
D:11:     lair_entry_dummy, david_orc_5, serial_shops, nicolae_shop_trees,
          kennysheep_mini, nicolae_gozag_cash_rules_everything_around_me,
          uniq_josephine, uniq_grum
D:12:     uniq_snorg
D:14:     hangedman_vaults_entry_quadrant_bands, hangedman_tree_tricks,
          hangedman_abyss_or_decor_slice, kennysheep_generic_room_7, uniq_azrael
D:15:     hangedman_depths_entry_civil_slaughter, minmay_misc_feat_plants,
          minmay_orc_keep
Temple:   dpeg_three_leaves_temple
Lair:1:   beast_lair_carwin_7
Lair:2:   minivault_27
Lair:3:   minmay_shoals_entry_hut, guppyfry_snake_entry_island
Lair:5:   minmay_slime_entry_jelly_boxes
Lair:6:   evilmike_catoblepas_cave, nicolae_volcano_entry_vermiform
Snake:1:  nicolae_snakescales, portal_ice_cave_entry_horrid_things, uniq_aizul,
          uniq_rupert, uniq_frances, uniq_nikola
Orc:1:    basic_altar, nicolae_orc_crystal_geode
Orc:2:    grunt_orc_gardens, grunt_orc_garden, grunt_orc_garden,
          grunt_orc_garden, grunt_orc_garden, basic_altar
Volcano:  volcano_tomb

Notes
Turn   | Place    | Note
-------+----------+-------------------------------------------
     0 | D:1      | pyrogen the Minotaur Berserker began the quest for the Orb.
     0 | D:1      | Reached XP level 1. HP: 19/19 MP: 0/0
   330 | D:1      | Reached XP level 2. HP: 27/27 MP: 1/1
   347 | D:1      | Reached skill level 4 in Maces & Flails
   931 | D:2      | Reached skill level 4 in Fighting
   932 | D:2      | Reached ** piety under Trog
   932 | D:2      | Reached XP level 3. HP: 33/33 MP: 2/2
   941 | D:2      | Reached skill level 3 in Armour
  1100 | D:2      | Reached XP level 4. HP: 40/40 MP: 3/3
  1185 | D:2      | Reached skill level 3 in Dodging
  1588 | D:3      | Reached skill level 5 in Maces & Flails
  1702 | D:3      | Reached *** piety under Trog
  1724 | D:3      | Reached XP level 5. HP: 43/47 MP: 4/4
  2157 | D:3      | Noticed Ijyb
  2174 | D:3      | Killed Ijyb
  2318 | D:4      | Reached XP level 6. HP: 50/55 MP: 5/5
  2385 | D:4      | Reached skill level 6 in Maces & Flails
  2385 | D:4      | Reached skill level 4 in Armour
  2515 | D:4      | Reached skill level 5 in Fighting
  2676 | D:4      | Reached skill level 4 in Dodging
  2735 | D:4      | Found a sparkling altar of Nemelex Xobeh.
  3108 | D:5      | Entered Level 5 of the Dungeon
  3123 | D:5      | Reached XP level 7. HP: 27/61 MP: 6/6
  3332 | D:5      | Found a blossoming altar of Fedhas.
  3405 | D:5      | Noticed a dagger
  3405 | D:5      | Noticed a hand axe
  3420 | D:5      | Found a hide-covered altar of Uskayaw.
  3492 | D:5      | Reached skill level 5 in Armour
  3511 | D:5      | Found Laitsuef's General Store.
  3522 | D:5      | Bought a scroll of enchant weapon for 112 gold pieces
  3563 | D:5      | Reached skill level 6 in Fighting
  4134 | D:6      | Reached skill level 7 in Maces & Flails
  4134 | D:6      | Reached skill level 5 in Dodging
  4188 | D:6      | Reached skill level 1 in Shields
  4277 | D:6      | Reached XP level 8. HP: 64/70 MP: 7/7
  4519 | D:6      | Reached skill level 2 in Shields
  4941 | D:6      | Found a staircase to the Ecumenical Temple.
  5002 | D:6      | Noticed Grinder
  5010 | D:6      | Killed Grinder
  5010 | D:6      | Reached skill level 6 in Armour
  5299 | D:7      | Reached skill level 3 in Shields
  5355 | D:7      | Reached skill level 7 in Fighting
  5361 | D:7      | Reached skill level 6 in Dodging
  5363 | D:7      | Reached skill level 8 in Maces & Flails
  5394 | D:7      | Reached skill level 4 in Shields
  5394 | D:7      | Reached XP level 9. HP: 43/79 MP: 8/8
  5421 | D:7      | Reached **** piety under Trog
  5537 | D:7      | Reached skill level 7 in Armour
  6287 | D:8      | Noticed a two-headed ogre
  6287 | D:8      | Noticed a two-headed ogre
  6305 | D:7      | Killed a two-headed ogre
  6305 | D:7      | Reached skill level 8 in Fighting
  6305 | D:7      | Reached skill level 9 in Maces & Flails
  6305 | D:7      | Reached skill level 7 in Dodging
  6307 | D:7      | Killed a two-headed ogre
  6307 | D:7      | Reached skill level 10 in Maces & Flails
  6307 | D:7      | Reached skill level 8 in Armour
  6309 | D:7      | Reached XP level 10. HP: 27/90 MP: 9/9
  6674 | D:8      | Reached skill level 9 in Fighting
  6815 | D:8      | Reached skill level 8 in Dodging
  6829 | D:8      | Noticed a two-headed ogre
  6835 | D:8      | Killed a two-headed ogre
  6835 | D:8      | Reached skill level 11 in Maces & Flails
  6835 | D:8      | Reached skill level 9 in Armour
  6920 | D:8      | Noticed a two-headed ogre
  6937 | D:8      | Killed a two-headed ogre
  7133 | D:8      | Noticed Arum's ghost (journeyman FoFi)
  7147 | D:8      | Killed Arum's ghost
  7328 | D:8      | Reached skill level 12 in Maces & Flails
  7328 | D:8      | Reached XP level 11. HP: 99/99 MP: 10/10
  7329 | D:8      | Reached skill level 10 in Fighting
  7349 | D:8      | Reached skill level 9 in Dodging
  7515 | D:8      | Identified 2 potions of flight
  7521 | D:8      | Identified 2 potions of haste
  7526 | D:8      | Identified 3 potions of curing
  7527 | D:8      | Identified 2 scrolls of magic mapping
  7530 | D:8      | Identified a ring of stealth (You found it on level 7 of the Dungeon)
  7532 | D:8      | Identified a ring of dexterity (You found it on level 8 of the Dungeon)
  7590 | D:9      | Reached ***** piety under Trog
  7818 | D:9      | Noticed p0werm0de's ghost (novice DDFi)
  7837 | D:9      | Killed p0werm0de's ghost
  8188 | D:9      | Reached skill level 10 in Armour
  8623 | D:9      | Identified 2 potions of might
  8624 | D:9      | Identified 2 potions of berserk rage
  8629 | D:9      | Identified 2 scrolls of noise
  8662 | D:10     | Entered Level 10 of the Dungeon
  8856 | D:10     | Reached skill level 13 in Maces & Flails
  8993 | D:10     | Noticed a two-headed ogre
  9001 | D:10     | Killed a two-headed ogre
  9341 | D:10     | Found a sacrificial altar of Ru.
  9414 | D:10     | Received a gift from Trog
  9484 | D:11     | Noticed a two-headed ogre
  9510 | D:10     | Killed a two-headed ogre
  9510 | D:10     | Reached skill level 11 in Fighting
  9518 | D:10     | Reached skill level 10 in Dodging
  9551 | D:11     | Noticed an unseen horror
  9557 | D:11     | Killed an unseen horror
  9557 | D:11     | Reached XP level 12. HP: 110/110 MP: 11/11
  9598 | D:11     | Got an encrusted ring mail
  9609 | D:11     | Identified the +3 ring mail of the Vaults {rN+++} (You found it on level 11 of the Dungeon)
  9619 | D:11     | Identified a +0 plate armour (You took it off a hobgoblin on level 2 of the Dungeon)
  9631 | D:11     | Noticed Grum
  9652 | D:11     | Killed Grum
  9726 | D:11     | Found Eraolu's Distillery.
  9729 | D:11     | Bought a potion of heal wounds for 70 gold pieces
  9729 | D:11     | Bought a potion of heal wounds for 70 gold pieces
 10024 | D:11     | Reached skill level 11 in Armour
 10041 | D:11     | Noticed Josephine
 10063 | D:11     | Reached skill level 14 in Maces & Flails
 10074 | D:11     | Killed Josephine
 10242 | D:11     | Identified a cursed +0 scale mail (You found it on level 11 of the Dungeon)
 10254 | D:11     | Identified a +2 robe of magic resistance (You took it off Josephine on level 11 of the Dungeon)
 10324 | D:11     | Found Etoefig's Jewellery Shoppe.
 10366 | D:11     | Found a staircase to the Lair.
 10730 | D:11     | Found an opulent altar of Gozag.
 10790 | D:11     | Found a roughly hewn altar of Beogh.
 10790 | D:11     | Found a staircase to the Orcish Mines.
 10815 | D:11     | Received a gift from Trog
 10817 | D:11     | Identified a +4 eveningstar of protection (Trog gifted it to you on level 11 of the Dungeon)
 11003 | D:11     | Identified 2 potions of mutation
 11003 | D:11     | Gained mutation: You are dopey. (Int -2) [potion of mutation]
 11003 | D:11     | Gained mutation: You have an increased reservoir of magic. (+10% MP) [potion of mutation]
 11003 | D:11     | Gained mutation: You are partially covered in thin metallic scales. (AC +2) [potion of mutation]
 11003 | D:11     | Gained mutation: Your natural rate of healing is unusually fast. [potion of mutation]
 11004 | D:11     | Identified 2 scrolls of fog
 11005 | D:11     | Identified 5 scrolls of blinking
 11006 | D:11     | Identified 2 scrolls of enchant armour
 11228 | D:12     | Noticed a two-headed ogre
 11250 | D:12     | Killed a two-headed ogre
 11364 | D:12     | Noticed Snorg
 11379 | D:12     | Killed Snorg
 11446 | D:12     | Upgraded the game from 0.22-a0-348-gd16d139 to 0.22-a0-351-g29664b4
 11447 | D:12     | Identified a ring of wizardry (You took it off an orc wizard on level 11 of the Dungeon)
 11823 | D:12     | Reached skill level 12 in Fighting
 11871 | D:12     | Reached skill level 15 in Maces & Flails
 12159 | Lair:1   | Entered Level 1 of the Lair of Beasts
 12294 | Lair:1   | Reached skill level 11 in Dodging
 12668 | Lair:1   | Reached skill level 12 in Armour
 12878 | Lair:1   | Noticed a seven-headed hydra
 12885 | Lair:1   | Killed a seven-headed hydra
 13023 | Lair:1   | Reached XP level 13. HP: 104/119 MP: 13/13
 13713 | Lair:2   | Reached ****** piety under Trog
 13727 | Lair:2   | Received a gift from Trog
 13731 | Lair:2   | Identified a +4 great mace of protection (Trog gifted it to you on level 2 of the Lair of Beasts)
 13751 | Lair:2   | Identified a ring of ice (You found it on level 2 of the Lair of Beasts)
 13785 | Lair:2   | Identified a +0 pair of gloves (You found it on level 2 of the Lair of Beasts)
 13801 | Lair:2   | Identified a +2 pair of gloves (You found it on level 3 of the Dungeon)
 14387 | Lair:2   | Identified 4 scrolls of amnesia
 14814 | Lair:3   | Found a staircase to the Snake Pit.
 14831 | Lair:3   | Reached skill level 13 in Fighting
 15089 | Lair:3   | Identified a ring of fire (You found it on level 3 of the Lair of Beasts)
 15103 | Lair:3   | Noticed Amnesiac's ghost (journeyman DgCj)
 15114 | Lair:3   | Killed Amnesiac's ghost
 15164 | Lair:3   | Found a staircase to the Shoals.
 15436 | Lair:4   | Reached skill level 12 in Dodging
 15864 | Lair:5   | Identified 2 scrolls of vulnerability
 15887 | Lair:5   | Reached skill level 13 in Armour
 15893 | Lair:5   | Found a staircase to the Slime Pits.
 15906 | Lair:5   | Identified a ring of protection (You found it on level 5 of the Lair of Beasts)
 15978 | Lair:5   | Identified a ring of flight (You found it on level 5 of the Lair of Beasts)
 16140 | Lair:5   | Received a gift from Trog
 16146 | Lair:5   | Identified a +1 falchion of holy wrath (Trog gifted it to you on level 5 of the Lair of Beasts)
 16216 | Lair:5   | Reached skill level 16 in Maces & Flails
 16248 | Lair:5   | Identified a +0 plate armour (You found it on level 5 of the Lair of Beasts)
 16824 | Lair:5   | Identified 2 potions of lignification
 16854 | Lair:5   | Identified a scroll of fear
 16855 | Lair:5   | Identified a scroll of summoning
 16856 | Lair:5   | Identified a scroll of brand weapon
 16857 | Lair:5   | Identified a potion of cancellation
 16858 | Lair:5   | Identified a potion of agility
 16861 | Lair:6   | Entered Level 6 of the Lair of Beasts
 16945 | Lair:6   | Found a dark tunnel.
 16959 | Volcano  | Entered a volcano
 17108 | Volcano  | Identified a +2 dire flail of flaming (You took it off a skeletal warrior in a volcano)
 17215 | Volcano  | Identified cursed +0 fire dragon scales (You took it off a skeletal warrior in a volcano)
 17310 | Volcano  | Reached XP level 14. HP: 130/130 MP: 14/14
 17748 | Lair:6   | Reached skill level 14 in Fighting
 18036 | Lair:6   | Identified a +0 cloak (You found it on level 6 of the Lair of Beasts)
 18357 | Lair:6   | Reached skill level 13 in Dodging
 18361 | Lair:6   | Received a gift from Trog
 18361 | Lair:6   | Reached skill level 14 in Armour
 18378 | Lair:6   | Identified a +2 antimagic great sword (Trog gifted it to you on level 6 of the Lair of Beasts)
 18898 | Temple   | Entered the Ecumenical Temple
 19077 | Orc:1    | Entered Level 1 of the Orcish Mines
 19106 | D:11     | Identified a cursed -1 plate armour (You took it off an orc warrior on level 11 of the Dungeon)
 19331 | Orc:2    | Entered Level 2 of the Orcish Mines
 19348 | Orc:2    | Found a roughly hewn altar of Beogh.
 19430 | Orc:2    | Found Cuesuymp's Antique Armour Boutique.
 19523 | Orc:2    | Identified a +0 plate armour (You took it off an orc warrior on level 2 of the Orcish Mines)
 19703 | Orc:2    | Found Sesolig's General Store.
 19703 | Orc:2    | Noticed an orc warlord
 19718 | Orc:2    | Paralysed by an orc sorcerer for 2 turns
 19737 | Orc:2    | Killed an orc warlord
 19823 | Orc:2    | Found a staircase to the Elven Halls.
 19897 | Orc:2    | Identified a +3 mace of crushing (You took it off an orc high priest on level 2 of the Orcish Mines)
 19911 | Orc:2    | Identified a +0 troll leather armour
 19911 | Orc:2    | Reached skill level 15 in Fighting
 19934 | Orc:2    | Identified a +0 plate armour (You took it off an orc warrior on level 2 of the Orcish Mines)
 19945 | Orc:2    | Lost intelligence.
 19945 | Orc:2    | Gained mutation: You are very dopey. (Int -4) [a neqoxec]
 20375 | Orc:2    | Identified a +2 robe of resistance (You took it off an orc sorcerer on level 2 of the Orcish Mines)
 20395 | Orc:2    | Received a gift from Trog
 20397 | Orc:2    | Identified a +2 eveningstar of protection (Trog gifted it to you on level 2 of the Orcish Mines)
 20465 | Orc:2    | Identified a +0 dire flail (You took it off an orc warrior on level 2 of the Orcish Mines)
 20478 | Orc:2    | Identified a +0 plate armour (You took it off an orc warrior on level 2 of the Orcish Mines)
 20501 | Orc:2    | Identified a +0 plate armour (You took it off an orc warrior on level 2 of the Orcish Mines)
 20529 | Orc:2    | Identified a +1 robe of magic resistance (You took it off an orc sorcerer on level 2 of the Orcish Mines)
 20575 | Orc:2    | Identified a +0 plate armour (You took it off an orc warrior on level 2 of the Orcish Mines)
 20579 | Orc:2    | Paralysed by an orc sorcerer for 2 turns
 20606 | Orc:2    | Identified a +2 robe of fire resistance (You took it off an orc sorcerer on level 2 of the Orcish Mines)
 20621 | Orc:2    | Found Eneseq's Antique Weapon Shoppe.
 20664 | Orc:2    | Found Gunopeiq's Jewellery Emporium.
 20905 | Orc:2    | Identified a +0 robe of magic resistance (You took it off an orc sorcerer on level 2 of the Orcish Mines)
 21099 | Orc:2    | Reached skill level 15 in Armour
 21141 | Orc:2    | Identified a +0 arbalest (You took it off an orc knight on level 2 of the Orcish Mines)
 21152 | Orc:2    | Identified a +0 plate armour (You took it off an orc knight on level 2 of the Orcish Mines)
 21292 | Orc:2    | Found Eneseq's Antique Weapon Shoppe.
 21318 | Orc:2    | Found a roughly hewn altar of Beogh.
 21349 | Orc:2    | Upgraded the game from 0.22-a0-351-g29664b4 to 0.22-a0-368-g870eee8
 21375 | Orc:2    | Found Cuesuymp's Antique Armour Boutique.
 21383 | Orc:2    | Bought a pair of embroidered boots for 210 gold pieces
 21388 | Orc:2    | Identified a +1 pair of boots of flying (You bought it in a shop on level 2 of the Orcish Mines)
 21407 | Orc:2    | Found a staircase to the Elven Halls.
 21423 | Orc:2    | Found Sesolig's General Store.
 21456 | Orc:2    | Identified a +0 plate armour (You took it off an orc warrior on level 2 of the Orcish Mines)
 21472 | Orc:2    | Identified a +0 buckler (You found it on level 6 of the Dungeon)
 21475 | Orc:2    | Found Gunopeiq's Jewellery Emporium.
 21483 | Orc:2    | Bought a +3 amulet of reflection for 266 gold pieces
 21519 | Orc:2    | Bought a runed flail for 221 gold pieces
 21519 | Orc:2    | Bought a runed dire flail for 238 gold pieces
 21519 | Orc:2    | Identified a +5 flail of protection (You bought it in a shop on level 2 of the Orcish Mines)
 21525 | Orc:2    | Identified a +4 dire flail of distortion (You bought it in a shop on level 2 of the Orcish Mines)
 21753 | D:11     | Bought a +3 ring of intelligence for 188 gold pieces
 21885 | Orc:2    | Bought the ring "Limpy" {rPois rF- rN++ MR+ Str+3} for 612 gold pieces
 22488 | D:13     | Reached skill level 14 in Dodging
 22734 | D:13     | Identified a +0 plate armour (You took it off an orc warrior on level 13 of the Dungeon)
 22942 | D:13     | Lost mutation: You are very dopey. (Int -4) [potion of mutation]
 22942 | D:13     | Lost mutation: You are dopey. (Int -2) [potion of mutation]
 22942 | D:13     | Lost mutation: You have an increased reservoir of magic. (+10% MP) [potion of mutation]
 22942 | D:13     | Lost mutation: Your natural rate of healing is unusually fast. [potion of mutation]
 22942 | D:13     | Gained mutation: You are clumsy. (Dex -2) [potion of mutation]
 22942 | D:13     | Gained mutation: You have a somewhat thin skeletal structure. (Dex +2, Stealth) [potion of mutation]
 22942 | D:13     | Gained mutation: Your flesh is cold resistant. (rC+) [potion of mutation]
 23457 | D:14     | Identified a +2 buckler (You took it off an orc on level 14 of the Dungeon)
 23472 | D:14     | Identified a +0 plate armour (You took it off an orc knight on level 14 of the Dungeon)
 23646 | D:14     | Reached XP level 15. HP: 141/141 MP: 14/14
 23871 | D:14     | Noticed Azrael
 23881 | D:14     | Killed Azrael
 24263 | D:14     | Found a blossoming altar of Fedhas.
 24820 | D:14     | Identified a +1 flail of protection (You found it on level 14 of the Dungeon)
 24910 | D:14     | Identified a cursed +0 scale mail (You found it on level 14 of the Dungeon)
 25065 | D:14     | Identified a +1 robe of magic resistance (You found it on level 14 of the Dungeon)
 25111 | D:14     | Found a gate to the Vaults.
 25175 | D:15     | Entered Level 15 of the Dungeon
 25199 | D:15     | Reached skill level 15 in Dodging
 25673 | D:15     | Received a gift from Trog
 25713 | D:15     | Identified a +3 demon whip of venom (Trog gifted it to you on level 15 of the Dungeon)
 25787 | D:15     | Paralysed by an ogre mage for 7 turns
 25834 | D:15     | Identified a cursed -2 robe (You took it off an ogre mage on level 15 of the Dungeon)
 25861 | D:15     | Reached skill level 16 in Fighting
 26058 | D:15     | Found a staircase to the Depths.
 26192 | D:15     | Identified a +0 morningstar (You found it on level 15 of the Dungeon)
 26261 | D:15     | Reached skill level 16 in Armour
 26726 | Snake:1  | Entered Level 1 of the Snake Pit
 26726 | Snake:1  | Noticed Nikola
 26745 | Lair:3   | HP: 13/144 [Nikola/chain lightning (20)]
 26745 | Lair:3   | HP: 5/144 [Nikola/chain lightning (8)]
 26746 | Lair:3   | Killed from afar by Nikola

Table legend:
 A = Turns spent in this place as a percentage of turns spent in the entire game.
 B = Non-inter-level travel turns spent in this place as a percentage of non-inter-level travel turns spent in the entire game.
 C = Inter-level travel turns spent in this place as a percentage of turns spent in this place.
 D = Turns resting spent in this place as a percentage of non-inter-level travel turns spent in this place.
 E = Turns spent auto-exploring this place as a percentage of non-inter-level travel turns spent in this place.
 F = Non-inter-level travel turns spent in this place divided by the number of levels of this place that you've seen.
                   A       B       C       D       E      F
               +-------+-------+-------+-------+-------+----------------------
         Total | 100.0 | 100.0 |   7.0 |  20.5 |  55.0 | 956.7
       Dungeon |  63.6 |  63.7 |   6.8 |  23.4 |  52.5 | 1057.1
        Temple |   0.3 |   0.3 |  18.5 |   0.0 |  98.5 |  66.0
          Lair |  23.1 |  23.2 |   6.6 |  12.0 |  67.1 | 961.8
     Snake Pit |   0.1 |   0.1 |   0.0 |   0.0 |   0.0 |  14.0
  Orcish Mines |  10.9 |  10.6 |   9.9 |  24.9 |  44.6 | 1318.5
       Volcano |   2.0 |   2.1 |   0.0 |   6.6 |  44.0 | 530.0
               +-------+-------+-------+-------+-------+----------------------

Table legend:
 A = Kills in this place as a percentage of kills in entire the game.
 B = Kills by you in this place as a percentage of kills by you in the entire game.
 C = Kills by friends in this place as a percentage of kills by friends in the entire game.
 D = Other kills in this place as a percentage of other kills in the entire game.
 E = Experience gained in this place as a percentage of experience gained in the entire game.
 F = Experience gained in this place divided by the number of levels of this place that you have seen.
                   A       B       C       D       E      F
               +-------+-------+-------+-------+-------+----------------------
         Total | 100.0 | 100.0 | 100.0 | 100.0 | 100.0 | 5447.6
       Dungeon |  69.2 |  68.1 | 100.0 | 100.0 |  57.2 | 5403.9
          Lair |  20.8 |  21.6 |   0.0 |   0.0 |  28.8 | 6807.8
  Orcish Mines |   7.2 |   7.4 |   0.0 |   0.0 |   9.5 | 6729.0
       Volcano |   2.8 |   2.9 |   0.0 |   0.0 |   4.4 | 6275.0
               +-------+-------+-------+-------+-------+----------------------

Skill      XL: |  1  2  3  4  5  6  7  8  9 10 11 12 13 14 15 |
---------------+----------------------------------------------+-----
Maces & Flails | 4 5 6 7 8 10 12 13 15 16 | 16.9
Fighting       | 4 5 6 7 8 9 11 12 13 15 16 | 16.1
Armour         | 3 4 5 6 8 9 10 12 13 15 16 | 16.0
Dodging        | 3 4 5 6 7 8 10 11 12 14 15 | 15.6
Shields        | 1 4 |  4.0

Action                   |  1- 3 |  4- 6 |  7- 9 | 10-12 | 13-15 || total
-------------------------+-------+-------+-------+-------+-------++-------
Melee: Mace              |    63 |   126 |       |       |       ||   189
       Headbutt          |     9 |    31 |    40 |   173 |   370 ||   623
       Flail             |       |    24 |   170 |       |       ||   194
       Dire flail        |       |       |    14 |   437 |       ||   451
       Eveningstar       |       |       |       |   155 |  1100 ||  1255
Throw: Tomahawk          |       |       |    12 |    41 |    23 ||    76
Invok: Berserk           |     1 |     1 |     4 |     7 |    11 ||    24
       Trog's Hand       |       |       |     1 |     2 |     1 ||     4
       Brothers in Arms  |       |       |       |     1 |     1 ||     2
 Abil: Evoke Flight      |       |       |       |       |     5 ||     5
       Stop Flying       |       |       |       |       |     1 ||     1
Evoke: Wand              |       |       |       |     5 |     1 ||     6
  Use: Scroll            |       |     2 |     7 |     6 |    14 ||    29
       Potion            |       |     1 |       |     6 |     4 ||    11
 Stab: Petrified         |       |       |       |       |     2 ||     2
  Eat: Chunk             |     1 |     8 |     9 |    31 |    42 ||    91
       Ration            |       |       |     1 |       |     5 ||     6
Armor: Chain mail        |    10 |       |       |       |       ||    10
       Leather armour    |     2 |       |       |       |       ||     2
       Plate armour      |    10 |    95 |   114 |   219 |   377 ||   815
       Fire dragon scale |       |       |       |       |    37 ||    37
       Skin              |       |       |       |       |     5 ||     5
       Robe              |       |       |       |       |     4 ||     4
Dodge: Dodged            |    34 |    62 |   113 |   243 |   562 ||  1014
Block: Buckler           |       |       |    27 |       |   158 ||   185
       Reflection        |       |       |       |       |    26 ||    26
       Other             |       |       |       |       |     1 ||     1

Vanquished Creatures
  An orc warlord (Orc:2)
  The ghost of Amnesiac the Nimble, a journeyman DgCj (Lair:3)
  Azrael (D:14)
  An ettin (D:15)
  Snorg (D:12)
  Josephine (D:11)
  The ghost of Arum the Fighter, a journeyman FoFi of Cheibriados (D:8)
  A rakshasa (D:14)
  3 hydras
  3 catoblepae (Lair:6)
  The ghost of p0werm0de the Pandemonic, a novice DDFi of Makhleb (D:9)
  2 centaur warriors
  6 death yaks (Lair:6)
  A tengu warrior (D:15)
  11 two-headed ogres
  3 ogre magi
  3 orc high priests (Orc:2)
  2 skeletal warriors (Volcano)
  A deep troll (D:15)
  A wizard (D:15)
  A deep elf archer (D:14)
  3 unseen horrors
  3 orc knights
  A lindwurm (Lair:6)
  2 anaconda skeletons (Volcano)
  2 oklob plants (D:14)
  8 orc sorcerers (Orc:2)
  4 manticores
  24 ugly things
  4 cyclopes
  A black mamba (shapeshifter) (D:14)
  3 black mambas
  6 gargoyles
  9 spiny frogs
  A rime drake (Lair:2)
  4 komodo dragons
  6 yaktaurs (D:15)
  2 tengu conjurers (D:15)
  A polar bear (Lair:5)
  4 trolls
  Grinder (D:6)
  3 blink frogs (Lair:5)
  A hornet (D:8)
  2 harpy skeletons (Volcano)
  8 slime creatures
  A snapping turtle (Lair:3)
  12 hippogriffs
  A shadow (D:12)
  3 flying skulls (Volcano)
  A human (D:8)
  4 wyverns
  A yak (shapeshifter) (D:15)
  Grum (D:11)
  4 wraiths (D:11)
  3 fire elementals (D:14)
  71 yaks
  4 hogs (D:8)
  2 basilisks (Lair:1)
  2 hungry ghosts
  2 wargs
  3 nagas (Lair:3)
  4 water moccasins
  An acid dragon (D:12)
  2 soldier ants
  17 porcupines
  A hell hound (D:14)
  4 sky beasts
  25 orc warriors
  3 black bears
  6 phantoms
  3 eyes of draining
  A boggart (D:14)
  5 ice beasts
  18 ogres
  14 centaurs
  4 wolves (D:11)
  12 crocodiles
  6 big kobolds
  13 bullfrogs
  A water moccasin zombie (D:11)
  7 scorpions
  6 killer bees (D:7)
  A spriggan skeleton (Volcano)
  An electric eel (Lair:3)
  5 howler monkeys
  12 wights
  3 troll skeletons (Volcano)
  5 crimson imps
  2 bullfrog zombies
  2 quasits (D:7)
  3 centaur zombies
  A gnoll shaman (D:6)
  10 jellies
  A bullfrog skeleton (D:12)
  9 centaur skeletons
  10 orc priests
  Ijyb (D:3)
  11 hounds
  4 iguanas
  16 orc wizards
  11 worker ants
  3 naga skeletons (Volcano)
  5 hound skeletons
  6 gnolls
  2 howler monkey skeletons
  10 adders
  4 shadow imps
  4 oozes
  An adder zombie (D:8)
  2 worms (D:2)
  2 dart slugs
  3 leopard geckos
  86 orcs
  A ball python (D:2)
  4 giant cockroaches
  8 goblins
  5 hobgoblins
  4 jackals
  17 kobolds
  4 quokkas
  6 bats
  4 frilled lizards
  A leopard gecko zombie (D:8)
  7 rats
  2 fungi
  A plant (Lair:4)
717 creatures vanquished.

Vanquished Creatures (collateral kills)
  2 orc knights
  4 orc warriors
  2 orc priests (D:11)
  A jelly (D:11)
  An orc wizard (D:15)
  A worker ant zombie (D:11)
  13 orcs
24 creatures vanquished.

Vanquished Creatures (others)
  A mana viper (Snake:1)
  A salamander (Snake:1)
  2 centaurs (D:14)
  4 fungi
  4 plants (Lair:6)
12 creatures vanquished.

Grand Total: 753 creatures vanquished
